 Dungeon Crawl Stone Soup version 0.17-a0-1805-g6093636 (webtiles) character file.

1698 terribad the Chopper (level 8, -1/71 HPs)
             Began as a Demigod Fighter on Sept 12, 2015.
             Slain by an orc warrior
             ... wielding a +0 halberd
              (16 damage)
             ... on level 6 of the Dungeon.
             The game lasted 00:18:32 (5983 turns).

terribad the Chopper (Demigod Fighter)              Turns: 5983, Time: 00:18:32

Health: -1/71      AC: 13    Str: 23    XL:     8   Next: 44%
Magic:  10/10      EV:  5    Int: 12    God:
Gold:   295        SH: 10    Dex: 17    Spells: 0 memorised, 7 levels left

rFire  . . .     SeeInvis .     o - +0 hand axe (chop)
rCold  . . .     Clarity  .     E - +0 chain mail
rNeg   . . .     SustAt   +     c - +0 shield
rPois  .         Gourm    .     F - +1 helmet
rElec  .         Spirit   .     p - +0 cloak
rCorr  .         Warding  .     v - +0 pair of gloves
rMut   .         Stasis   .     (no boots)
MR     .....                    y - amulet of rage
Stlth  ..........               (no ring)
                                B - +2 ring of dexterity

@: not resistant to hostile enchantments, extremely unstealthy
A: high mp 1, sustain attributes
a: Evoke Berserk Rage


You were on level 6 of the Dungeon.
You were very hungry.

You visited 1 branch of the dungeon, and saw 6 of its levels.

You collected 295 gold pieces.

Inventory:

Hand weapons
 a - a +0 war axe
 o - a +0 hand axe of chopping (weapon)
 q - a +4 quarterstaff of chaos
 t - a +0 hunting sling
Missiles
 j - a throwing net (quivered)
Armour
 c - a +0 shield (worn)
 f - a +1 ring mail of fire resistance
 p - a +0 cloak (worn)
 v - a +0 pair of gloves (worn)
 E - a +0 chain mail (worn)
 F - a +1 helmet (worn)
Jewellery
 y - an amulet of rage (around neck)
 B - a +2 ring of dexterity (left hand)
 M - an uncursed ring of ice {unknown}
Magical devices
 L - a wand of slowing (45)
Scrolls
 b - 2 scrolls of recharging
 d - a scroll of immolation {unknown}
 h - 2 scrolls of amnesia {unknown}
 i - a scroll of noise {unknown}
 m - 3 scrolls of remove curse
 r - 3 scrolls of identify {unknown}
 s - 2 scrolls of random uselessness {unknown}
 x - a scroll of enchant armour {unknown}
 C - a scroll of fear {unknown}
 G - a scroll of fog {unknown}
 J - 2 scrolls of magic mapping {unknown}
 K - a scroll of summoning {unknown}
Potions
 g - 5 potions of heal wounds {unknown}
 k - 2 potions of degeneration {unknown}
 u - 2 potions of flight {unknown}
 w - a potion of poison {unknown}
 z - 2 potions of brilliance {unknown}
 A - 2 potions of curing {unknown}
 D - 3 potions of invisibility {unknown}
 I - a potion of magic {unknown}
 N - a potion of agility {unknown}
Comestibles
 e - 5 bread rations
 l - 5 beef jerkies
 n - 8 meat rations
 H - 3 fruits


   Skills:
 * Level 6.8 Fighting
 * Level 7.1 Axes
 + Level 3.9 Armour
 + Level 4.0 Shields


You had 7 spell levels left.
You didn't know any spells.

Dungeon Overview and Level Annotations

Branches:
Dungeon (6/15)
 Temple: D:4-7

Shops:
D:4 }[:[


Innate Abilities, Weirdness & Mutations

You have an increased reservoir of magic (+10% MP).
Your attributes are resistant to harm.


Message History

You hit the orc warrior.
The orc warrior is moderately wounded.
You hit the orc warrior but do no damage.
The orc warrior is moderately wounded.
The orc warrior hits you but does no damage.
You hit the orc warrior.
The orc warrior is heavily wounded.
You block the orc warrior's attack.
You closely miss the orc warrior.
The orc warrior is heavily wounded.
You block the orc warrior's attack.
You hit the orc warrior but do no damage.
The orc warrior is heavily wounded.
You block the orc warrior's attack.
You closely miss the orc warrior.
The orc warrior is heavily wounded.
You closely miss the orc warrior.
The orc warrior is heavily wounded.
The orc warrior hits you with a halberd!
You die...

....... .. ....... .#
...#..###.# ......(..#
.. #....#.. .#
#....#.###.#
#...##...#.....#
#...#...[@o.#..
#####.......###.#.###.#
...............(#.....#
............#.(o..#
............#.###o#
#...##...#..)..#
#...........#..$..#
#...##..###[#)###.#
#...##......#..


You could see an orc warrior.

Vanquished Creatures
  2 phantoms
  2 eyes of draining (D:5)
  3 ogres
  A centaur (D:4)
  A scorpion (D:5)
  A wight (D:6)
  2 jellies (D:5)
  2 centaur skeletons (D:4)
  3 crimson imps
  3 orc priests
  A giant frog zombie (D:5)
  Crazy Yiuf (D:2)
  An iguana (D:4)
  Jessica (D:2)
  2 orc wizards
  A sheep (D:2)
  5 worker ants
  2 hound zombies
  A hound skeleton (D:6)
  10 adders
  A gnoll (D:5)
  A shadow imp (D:6)
  3 oozes
  5 worms
  An adder skeleton (D:4)
  An adder zombie (D:6)
  4 giant geckos
  23 orcs
  3 bats
  7 giant cockroaches
  6 goblins
  4 hobgoblins
  2 jackals (D:5)
  10 kobolds
  2 quokkas
  2 ball pythons
  3 giant newts
  6 rats
129 creatures vanquished.

Notes
Turn   | Place    | Note
--------------------------------------------------------------
     0 | D:1      | terribad the Demigod Fighter began the quest for the Orb.
     0 | D:1      | Reached XP level 1. HP: 18/18 MP: 3/3
   298 | D:1      | Reached XP level 2. HP: 25/25 MP: 4/4
   404 | D:1      | Reached skill level 3 in Fighting
   910 | D:2      | Reached XP level 3. HP: 28/31 MP: 5/5
   973 | D:2      | Noticed Crazy Yiuf
   981 | D:2      | Paralysed by Crazy Yiuf for 3 turns
   989 | D:2      | Killed Crazy Yiuf
  1102 | D:2      | Found a faded altar to an unknown god.
  1137 | D:2      | Reached XP level 4. HP: 33/38 MP: 6/6
  1641 | D:2      | Noticed Jessica
  1647 | D:2      | Killed Jessica
  1647 | D:2      | Reached skill level 4 in Axes
  1924 | D:3      | Reached XP level 5. HP: 23/46 MP: 7/7
  2868 | D:4      | Found Deasu's Antique Armour Shoppe.
  2877 | D:4      | Found Egaec's Book Emporium.
  3053 | D:4      | Reached XP level 6. HP: 27/53 MP: 8/8
  3223 | D:4      | Reached skill level 5 in Fighting
  3223 | D:4      | Reached skill level 5 in Axes
  3740 | D:4      | Found Hutim's Gadget Boutique.
  4011 | D:4      | Found Miutuog's Armour Boutique.
  4046 | D:5      | Entered Level 5 of the Dungeon
  4074 | D:5      | Reached XP level 7. HP: 49/61 MP: 9/9
  4192 | D:5      | Reached skill level 6 in Axes
  4483 | D:5      | Found a snail-covered altar of Cheibriados.
  4904 | D:5      | Found a bloodstained altar of Trog.
  4944 | D:5      | Reached XP level 8. HP: 47/70 MP: 1/10
  5759 | D:6      | Reached skill level 7 in Axes
  5983 | D:6      | Slain by an orc warrior

Vault maps used:
D:1:      dpeg_arrival_water_temple_mockup
D:2:      ecumenical_altar_1, kennysheep_nub, uniq_crazy_yiuf_cottage,
          uniq_jessica
D:3:      first_bread
D:4:      serial_shops, nicolae_shop_crystal, nicolae_shop_crystal,
          kennysheep_mini_moat, kennysheep_windowed_goal
D:5:      lemuel_upstairs_altar, trog_eyes_of_draining,
          cheibriados_altar_wand_db
D:6:      hangedman_cross_stitches

Action                   |  1- 3 |  4- 6 |  7- 9 || total
-------------------------+-------+-------+-------++-------
Melee: War axe           |    73 |       |       ||    73
       Quarterstaff      |     7 |    94 |       ||   101
       Hand axe          |       |    80 |   340 ||   420
  Use: Potion            |     1 |     1 |       ||     2
       Scroll            |       |       |     2 ||     2
  Eat: Chunk             |       |    10 |     6 ||    16
